 Dungeon Crawl Stone Soup version 0.23.1 (webtiles) character file.

Game seed: 0

109 Borgoz the Ruffian (level 4, -2/40 HPs)
             Began as a Ghoul Monk on Mar 8, 2019.
             Slain by Natasha (8 damage)
             ... on level 3 of the Dungeon.
             The game lasted 00:04:17 (1787 turns).

Borgoz the Ruffian (Ghoul Monk)                     Turns: 1787, Time: 00:04:19

Health: -2/40      AC:  2    Str: 14    XL:     4   Next: 89%
Magic:  3/3        EV: 13    Int:  6    God:
Gold:   130        SH:  0    Dex: 11    Spells: 3/3 levels left

rFire    . . .     SeeInvis .     - Unarmed
rCold    + . .     Gourm    .   (no shield)
rNeg     + + +     Faith    .   a - +0 robe
rPois    ∞         Spirit   .   (no helmet)
rElec    .         Reflect  .   (no cloak)
rCorr    .         Harm     .   (no gloves)
MR       .....                  (no boots)
Stlth    ++........             (no amulet)
HPRegen  0.00/turn              (no ring)
MPRegen  0.08/turn              (no ring)

@: rotting
A: rotting body, claws 1, carnivore, cold resistance 1, negative energy
resistance 3, inhibited regeneration, torment resistance, unbreathing
a: no special abilities


You were on level 3 of the Dungeon.
You were not hungry.

You visited 1 branch of the dungeon, and saw 3 of its levels.

You collected 130 gold pieces.

Inventory:

Armour
 a - a +0 robe (worn)
Jewellery
 j - a cursed -3 ring of protection {unknown}
Scrolls
 c - 2 scrolls of remove curse {unknown}
 d - 2 scrolls of identify {unknown}
 e - a scroll of magic mapping {unknown}
 h - a scroll of fog {unknown}
 l - a scroll of fear {unknown}
 m - a scroll of teleportation {unknown}
Potions
 f - 2 potions of curing
 g - a potion of flight {unknown}
 i - 3 potions of might {unknown}
 k - a potion of resistance {unknown}
 n - a potion of cancellation {unknown}
 p - 2 potions of degeneration {unknown}
Comestibles
 b - 4 rations


   Skills:
 + Level 3.7 Fighting
 + Level 3.4 Dodging
 + Level 3.1 Stealth
 + Level 4.5 Unarmed Combat


You had 3 spell levels left.
You didn't know any spells.
Your spell library was empty.

Dungeon Overview and Level Annotations

Branches:
Dungeon (3/15)

Altars:

Annotations:
D:3 Natasha


Innate Abilities, Weirdness & Mutations

Your body is rotting away.
You thrive on raw meat.
You are immune to poison.
You have sharp fingernails.
You are carnivorous and can eat meat at any time.
Your flesh is cold resistant. (rC+)
You are immune to negative energy. (rN+++)
You do not regenerate when monsters are visible.
You are immune to unholy pain and torment.
You can survive without breathing.


Message History

The hound bites you.
You scratch the hound but do no damage.
The hound is heavily wounded.
The hound barely misses you. Natasha misses you. The hound bites you.
You miss the hound.
The hound is heavily wounded.
Natasha closely misses you. The hound bites you.
You are too injured to fight recklessly!
You barely miss Natasha. The hound bites you. Natasha claws you!
* * * LOW HITPOINT WARNING * * *
You closely miss Natasha. The hound bites you but does no damage.
Natasha claws you!
* * * LOW HITPOINT WARNING * * *
The hound closely misses you.
You scratch Natasha but do no damage. The hound bites you.
* * * LOW HITPOINT WARNING * * *
Natasha closely misses you.
It was a potion of curing.
You feel better. The hound misses you. Natasha claws you!
You die...

#...###..#
###(.##[.#
##.##..#
#.##...
#.##>..
##.##...#
### #..#
.....####.##
#.....h@...#
#.....h....#
#..$.......#
#..........#
############


You could see a hound and Natasha.

Vanquished Creatures
  A gnoll (D:1)
  4 adders (D:2)
  2 oozes (D:1)
  7 dart slugs
  A leopard gecko (D:2)
  4 bats
  2 giant cockroaches (D:1)
  4 goblins
  2 hobgoblins
  2 quokkas (D:2)
  2 ball pythons
  A frilled lizard (D:1)
  7 kobolds
  6 rats
45 creatures vanquished.

Notes
Turn   | Place    | Note
-------+----------+-------------------------------------------
     0 | D:1      | Borgoz the Ghoul Monk began the quest for the Orb.
     0 | D:1      | Reached XP level 1. HP: 19/19 MP: 0/0
    54 | D:1      | Reached XP level 2. HP: 18/26 MP: 1/1
   192 | D:1      | Reached XP level 3. HP: 22/31 MP: 2/2
   429 | D:1      | Reached skill level 4 in Unarmed Combat
   822 | D:2      | Reached XP level 4. HP: 23/40 MP: 3/3
  1773 | D:3      | Noticed Natasha
  1786 | D:3      | HP: 1/40 [hound (2)]
  1787 | D:3      | Slain by Natasha

Skill      XL: |  1  2  3  4 |
---------------+-------------+-----
Dodging        | 3 |  3.4
Unarmed Combat | 4 |  4.5
Stealth        | 3 |  3.1
Fighting       | |  3.7

Action                   |  1- 3 |  4- 6 || total
-------------------------+-------+-------++-------
Melee: Unarmed           |    90 |    52 ||   142
       Punch             |     2 |       ||     2
  Use: Potion            |       |     1 ||     1
 Stab: Sleeping          |     3 |     3 ||     6
  Eat: Chunk             |     3 |     2 ||     5
Armor: Robe              |    20 |     7 ||    27
Dodge: Dodged            |    67 |    32 ||    99
